 Dungeon Crawl Stone Soup version 0.16-a0-3884-g0a5f664 (webtiles) character file.

590 PolkaDot the Caller (level 7, -1/48 HPs)
             Began as a Vampire Summoner on Feb 2, 2015.
             Was an Initiate of Sif Muna.
             Succumbed to an orc's poison
             ... on level 5 of the Dungeon.
             The game lasted 00:21:48 (5189 turns).

PolkaDot the Caller (Vampire Summoner)              Turns: 5189, Time: 00:21:49

Health: -1/48      AC:  3    Str:  7    XL:     7   Next: 15%
Magic:  10/12      EV: 12    Int: 19    God:    Sif Muna [......]
Gold:   251        SH:  4    Dex: 14    Spells: 3 memorised, 1 level left

rFire  . . .     SeeInvis +     i - +0 trident
rCold  . . .     Rnd*Rage +     a - +0 robe
rNeg   + . .     SustAb   .     c - +0 buckler
rPois  .         Gourm    .     o - +0 helmet
rElec  .         Spirit   .     (no cloak)
rCorr  .         Warding  .     (no gloves)
rMut   .         Stasis   .     (no boots)
MR     +....                    (no amulet)
Stlth  ++........               (no ring)
                                j - ring of protection from magic

@: lethally poisoned (-1 -> -12), somewhat resistant to hostile enchantments,
unstealthy
A: bottle blood, fangs 3, see invisible, berserk 1, deterioration 1, unbreathing
a: Bat Form, Renounce Religion


You were on level 5 of the Dungeon.
You worshipped Sif Muna.
Sif Muna was noncommittal.
You were not thirsty.

You visited 2 branches of the dungeon, and saw 8 of its levels.

You collected 251 gold pieces.

Inventory:

Hand weapons
 i - a +0 trident (weapon)
Armour
 a - a +0 robe (worn)
 c - a +0 buckler (worn)
 h - a +0 shield
 o - a +0 helmet (worn)
Jewellery
 j - a ring of protection from magic (left hand)
Magical devices
 q - a wand of enslavement (9)
Scrolls
 d - a scroll of amnesia
 g - a scroll of teleportation
 k - a scroll of identify
 m - 3 scrolls of random uselessness
 n - a scroll of immolation {unknown}
Potions
 e - a potion of restore abilities
Books
 b - a book of Callings

   Spells                             Type                      Level
   a - Summon Small Mammal            Summoning                    1
   b - Call Imp                       Summoning                    2
   c - Call Canine Familiar           Summoning                    3
   d - Summon Guardian Golem          Hexes/Summoning              4
   e - Summon Lightning Spire         Summoning/Air                4
   f - Summon Ice Beast               Ice/Summoning                4


   Skills:
 - Level 1.0 Fighting
 + Level 2.7 Polearms
 - Level 2.3 Dodging
 - Level 3.0 Stealth
 - Level 2.2 Shields
 - Level 2.0 Spellcasting
 * Level 6.9 Summonings
 + Level 1.0 Ice Magic
 - Level 1.6 Evocations


You had one spell level left.
You knew the following spells:

 Your Spells              Type           Power        Failure   Level  Hunger
d - Call Canine Familiar  Summ           ####....     4%          3    ###....
i - Summon Ice Beast      Ice/Summ       ###.....     50%         4    #####..
s - Call Imp              Summ           ####....     1%          2    ###....


Dungeon Overview and Level Annotations

Branches:
Dungeon (7/15)             Temple (1/1) D:7

Altars:
Ashenzari
Cheibriados
Dithmenos
Fedhas
Gozag
Makhleb
Nemelex Xobeh
Okawaru
Ru
Sif Muna
Trog
Vehumet
Xom
Zin
The Shining One

Annotations:
D:4 Pikel


Innate Abilities, Weirdness & Mutations

You can bottle blood from corpses.
You have razor-sharp teeth.
You have supernaturally acute eyesight.
You can survive without breathing.
You tend to lose your temper in combat.
Your body is slowly deteriorating.


Message History

Okay, then.
* * * LOW HITPOINT WARNING * * *
You feel sick.
Things that are here:
a hand axe of venom; an orc corpse Drink blood from an orc corpse? (ye/n/q/i?) This warm blood tastes delicious!
You feel somewhat less thirsty.
You stop draining the corpse.
All blood oozes out of the corpse!
* * * LOW HITPOINT WARNING * * *
You feel sick.
* * * LOW HITPOINT WARNING * * *
You feel sick.
Things that are here:
a flail; an orc corpse Drink blood from an orc corpse? (ye/n/q/i?) This warm blood tastes delicious!
You feel somewhat less thirsty.
You stop draining the corpse.
All blood oozes out of the corpse!
* * * LOW HITPOINT WARNING * * *
You feel sick.
You die...

*,* #.....# ##+##
#.#.#.# ##...##
#.#.#.# #.....##
###.#.#.#
.......###.......#
........##.#.....#
........'......)h#
........##.#...#)#
.......###.##.##@#
#.....## #.#####.#
##...## #..,,,..#
##+## ###**##.#
*,* #.# *,* #.#
**,***********#.#
**,,,,,,,,,,,,,..#
*,,,,,*********###


You could see a friendly hound.

Vanquished Creatures
  A slave (D:4)
  A phantom (D:4)
  A scorpion (D:4)
  An orc wizard (D:5)
  2 worker ants (D:5)
  Jessica (D:3)
  3 worker ant zombies (D:5)
  A hound zombie (D:6)
  5 adders
  A giant mite (D:5)
  A worm (D:3)
  3 giant geckos
  7 orcs
  A ball python (D:3)
  10 bats
  A bat skeleton (D:4)
  6 giant cockroaches
  8 goblins
  7 hobgoblins
  6 jackals
  10 kobolds
  2 giant gecko zombies (D:5)
  2 giant newts (D:2)
  3 quokkas
  8 rats
92 creatures vanquished.

Vanquished Creatures (collateral kills)
  A slave (D:4)
  A necrophage (D:7)
  A hound (D:3)
  A giant frog skeleton (D:7)
  An orc priest (D:6)
  2 worker ants (D:4)
  A gnoll (D:1)
  5 adders
  A worm (D:3)
  2 giant geckos
  An ooze (D:1)
  3 orcs
  2 bat skeletons (D:4)
  2 hobgoblins
  2 jackals
  2 kobolds
  2 quokkas (D:3)
  3 bats
  2 giant newts
  A goblin (D:1)
  2 rats (D:1)
38 creatures vanquished.

Vanquished Creatures (others)
  A hound (D:6)
  A shadow imp (D:4)
2 creatures vanquished.

Grand Total: 132 creatures vanquished

Notes
Turn   | Place    | Note
--------------------------------------------------------------
     0 | D:1      | PolkaDot, the Vampire Summoner, began the quest for the Orb.
     0 | D:1      | Reached XP level 1. HP: 13/13 MP: 3/3
   224 | D:1      | Reached XP level 2. HP: 5/20 MP: 0/4
   339 | D:1      | Reached skill level 1 in Fighting
   343 | D:1      | Learned a level 2 spell: Call Imp
   621 | D:1      | Reached skill level 1 in Shields
   641 | D:1      | Reached XP level 3. HP: 21/26 MP: 6/6
   782 | D:1      | Learned a level 3 spell: Call Canine Familiar
   971 | D:2      | Reached skill level 1 in Polearms
  1285 | D:2      | Reached XP level 4. HP: 22/32 MP: 7/7
  1685 | D:2      | Found a radiant altar of Vehumet.
  2342 | D:3      | Noticed Jessica
  2345 | D:3      | Killed Jessica
  2345 | D:3      | Reached skill level 5 in Summonings
  2368 | D:3      | Identified Jessica's Catalogue of Bewitchment
  2383 | D:3      | Reached XP level 5. HP: 31/37 MP: 2/9
  2796 | D:3      | Found a sparkling altar of Nemelex Xobeh.
  3036 | D:4      | Got a heavily runed amber ring
  3037 | D:4      | Identified the ring "Irhyesup" {SustAb -Cast Contam +Inv rC+ Dex+3} (You found it on level 4 of the Dungeon)
  3076 | D:4      | Noticed a phantom
  3101 | D:4      | Killed a phantom
  3101 | D:4      | Reached skill level 6 in Summonings
  3101 | D:4      | Reached XP level 6. HP: 25/43 MP: 10/10
  3203 | D:4      | Noticed a slave
  3203 | D:4      | Noticed a slave
  3204 | D:4      | Noticed Pikel
  3204 | D:4      | Noticed a slave
  3204 | D:4      | Noticed a slave
  3241 | D:4      | Gained mutation: You are weak. (Str -2) [potion of mutation]
  3241 | D:4      | Lost mutation: You are weak. (Str -2) [potion of mutation]
  3241 | D:4      | Gained mutation: Your body is slowly deteriorating. [potion of mutation]
  3265 | D:4      | Gained mutation: You tend to lose your temper in combat. [mutagenic glow]
  3269 | D:4      | Killed a slave
  3274 | D:4      | Killed a slave
  3570 | D:4      | Paralysed by Pikel for 5 turns
  4078 | D:5      | Entered Level 5 of the Dungeon
  4133 | D:6      | Found an iron altar of Okawaru.
  4155 | D:7      | Found an iron altar of Okawaru.
  4163 | D:6      | Reached skill level 1 in Evocations
  4264 | D:7      | Found a staircase to the Ecumenical Temple.
  4285 | Temple   | Entered the Ecumenical Temple
  4395 | Temple   | Became a worshipper of Sif Muna the Loreminder
  4765 | D:5      | Learned a level 4 spell: Summon Ice Beast
  4880 | D:5      | Reached XP level 7. HP: 42/48 MP: 8/12
  5170 | D:5      | Reached skill level 1 in Ice Magic
  5187 | D:5      | HP: 2/48 [poisoned by an orc]
  5189 | D:5      | Succumbed to an orc's poison

Action                   |  1- 3 |  4- 6 |  7- 9 || total
-------------------------+-------+-------+-------++-------
Melee: Unarmed           |    13 |       |       ||    13
       Spear             |    90 |       |       ||    90
       Trident           |    47 |   308 |    43 ||   398
 Cast: Summon Small Mamm |     7 |       |       ||     7
       Call Imp          |     3 |    26 |       ||    29
       Call Canine Famil |     2 |    15 |     1 ||    18
 Abil: Evoke Invisibilit |       |     1 |       ||     1
  Use: Potion            |     5 |    25 |       ||    30
       Scroll            |       |     7 |       ||     7
 Stab: Sleeping          |     3 |    12 |     1 ||    16
       Distracted        |     1 |     7 |       ||     8
       Invisible         |       |     2 |       ||     2
  Eat: Corpse            |     9 |     3 |     2 ||    14
